 Dungeon Crawl Stone Soup version 0.20.0-15-g7f486f2 (webtiles) character file.

32 NoAnimeNoLife the Sneak (level 3, 0/24 HPs)
             Began as a Spriggan Enchanter on June 14, 2017.
             Succumbed to an adder's poison
             ... on level 2 of the Dungeon.
             The game lasted 00:01:26 (877 turns).

NoAnimeNoLife the Sneak (Spriggan Enchanter)         Turns: 877, Time: 00:01:26

Health: 0/24       AC: 21    Str:  4    XL:     3   Next: 10%
Magic:  3/8        EV:  4    Int: 16    God:
Gold:   24         SH:  0    Dex: 17    Spells: 6/7 levels left

rFire    . . .     SeeInvis +   a - +1 dagger
rCold    . . .     Gourm    .   (shield restricted)
rNeg     + + +     Faith    .   (armour currently unavailable)
rPois    +         Spirit   .   (helmet currently unavailable)
rElec    .         Reflect  .   (cloak currently unavailable)
rCorr    .         Harm     .   (gloves unavailable)
MR       .....     NoTele   +   (boots unavailable)
Stlth    +++.......             (no amulet)
Regen    0.1/turn               (no ring)
MPRegen  0.2/turn               (no ring)

@: lethally poisoned (0 -> -2), tree-form, berserk cooldown, very slightly
contaminated, slowed, invisible, very slow
A: unfitting armour, see invisible, herbivore 3, slow metabolism 2
a: no special abilities


You were on level 2 of the Dungeon.
You were not hungry.
You were a tree.
You visited 1 branch of the dungeon, and saw 2 of its levels.

You collected 24 gold pieces.

Inventory:

Hand Weapons
 a - a +1 dagger (weapon)
Armour
 b - a +0 robe (melded)
 h - a scarf of spirit shield (melded)
 o - a +3 leather armour
Scrolls
 e - 3 scrolls of recharging {unknown}
 f - 3 scrolls of noise {unknown}
 g - a scroll of remove curse {unknown}
 i - a scroll of identify {unknown}
 k - a scroll of immolation {unknown}
 m - a scroll of amnesia {unknown}
Potions
 n - a potion of lignification
Books
 c - a book of Maledictions

   Spells                             Type                      Level
   a - Corona                         Hexes                        1
   b - Ensorcelled Hibernation        Hexes/Ice                    2
   c - Confuse                        Hexes                        3
   d - Tukima's Dance                 Hexes                        3
   e - Dazzling Spray                 Conjuration/Hexes            3
Comestibles
 d - a bread ration


   Skills:
 + Level 2.5 Short Blades
 - Level 3.0 Dodging
 + Level 5.5 Stealth
 - Level 2.6 Spellcasting
 - Level 3.6 Hexes


You had 6 spell levels left.
You knew the following spells:

 Your Spells              Type           Power        Failure   Level  Hunger
a - Corona                Hex            ##.....      4%          1    #......


Dungeon Overview and Level Annotations

Branches:
Dungeon (2/15)

Altars:


Innate Abilities, Weirdness & Mutations

You are very small and have problems with some larger weapons.
You are too small for most types of armour.
You have supernaturally acute eyesight. (SInv)
You are a herbivore.
((You cover ground extremely quickly.))
You need consume almost no food.


Message History

* * * LOW HITPOINT WARNING * * *
You feel sick.
There is an open door here.
You feel your anger subside.
You are no longer berserk.
You are exhausted.
You feel yourself slow down.
You see here 6 gold pieces.
* * * LOW HITPOINT WARNING * * *
You feel sick.
There isn't anything here!
There is a lethal amount of poison in your body!
There is a lethal amount of poison in your body!
There is a lethal amount of poison in your body!
It was a potion of lignification.
You turn into a tree.
Your scarf of spirit shield melds into your body.
Your +0 robe melds into your body.
You feel strangely alone.
Your roots penetrate the ground.
There is a lethal amount of poison in your body!
There is a lethal amount of poison in your body!
You die...

##. ... ....
^^^.≈
#########.≈≈.§
#........^.#
+....♣...≈.#≈.
#.....$....(§§
#.............
####'#########
#)# #.# #.#
#.# #.#


There were no monsters in sight!

Vanquished Creatures
  An adder (D:2)
  2 dart slugs
  A leopard gecko (D:1)
  A giant cockroach (D:1)
  A goblin (D:1)
  2 hobgoblins
  3 bats (D:1)
  A frilled lizard (D:1)
  4 kobolds
  3 rats
19 creatures vanquished.

Vanquished Creatures (others)
  4 toadstools (D:1)
4 creatures vanquished.

Grand Total: 23 creatures vanquished

Notes
Turn   | Place    | Note
-------+----------+-------------------------------------------
     0 | D:1      | NoAnimeNoLife the Spriggan Enchanter began the quest for the Orb.
     0 | D:1      | Reached XP level 1. HP: 9/9 MP: 5/5
   229 | D:1      | Reached XP level 2. HP: 7/13 MP: 6/6
   477 | D:1      | Reached skill level 5 in Stealth
   864 | D:2      | Reached XP level 3. HP: 5/16 MP: 2/8
   877 | D:2      | Succumbed to an adder's poison

Skill      XL: |  1  2 |
---------------+-------+-----
Short Blades   | 2 |  2.5
Stealth        | 5 |  5.5
Dodging        | |  3.0
Spellcasting   | |  2.6
Hexes          | |  3.6

Action                   || total
-------------------------++-------
Melee: Dagger            ||    67
 Cast: Corona            ||     4
  Use: Potion            ||     3
 Stab: Sleeping          ||     7
Armor: Robe              ||    10
Dodge: Dodged            ||    57
